 Dungeon Crawl Stone Soup version 0.29.1-2-gbd0b4ee654 (webtiles) character file.

Game seed: 17850554551145213252

88 qeuew the Trooper (level 4, -10/29 HPs)
             Began as a Gargoyle Fighter on Nov 7, 2022.
             Killed by divine providence
             ... invoked by an orc priest
              (14 damage)
             ... on level 3 of the Dungeon.
             The game lasted 00:02:24 (2044 turns).

qeuew the Trooper (Gargoyle Fighter)                Turns: 2044, Time: 00:02:26

Health: -10/29     AC: 11    Str: 19    XL:     4   Next: 53%
Magic:  4/4        EV:  9    Int:  9    God:
Gold:   70         SH:  4    Dex: 11    Spells: 3/3 levels left

rFire   . . .      SeeInvis .   a - +1 flail
rCold   . . .      Faith    .   c - +0 buckler
rNeg    + . .      Spirit   .   b - +0 scale mail
rPois   ∞          Reflect  .   (no helmet)
rElec   +          Harm     .   j - +0 cloak
rCorr   .          Rampage  .   (no gloves)
Will    .....                   (no boots)
Stlth   ..........              (no amulet)
HPRegen 0.09/turn               (no ring)
MPRegen 0.09/turn               (no ring)

@: no status effects
A: sickness immunity, AC +3, negative energy resistance 1, electricity
resistance, torment resistance 1, petrification resistance
a: no special abilities


You were on level 3 of the Dungeon.
You visited 1 branch of the dungeon, and saw 3 of its levels.

You collected 70 gold pieces.

Inventory:

Hand Weapons
 a - a +1 flail (weapon)
Armour
 b - a +0 scale mail (worn)
 c - a +0 buckler (worn)
 j - a +0 cloak (worn)
Wands
 f - a wand of digging (6)
Scrolls
 g - a scroll of identify
Potions
 d - a potion of might
 e - a potion of haste
 h - 3 potions of curing
 i - a potion of berserk rage
 k - a potion of flight


   Skills:
 * Level 4.0 Fighting
 * Level 2.8 Maces & Flails
 * Level 3.9 Armour
 + Level 0.7 Dodging
 * Level 3.9 Shields


You had 3 spell levels left.
You didn't know any spells.
Your spell library contained the following spells:

 Spells                   Type           Power      Damage    Failure   Level
 Passage of Golubria      Tloc           0%         N/A       100%        4
 Silence                  Hex/Air        0%         N/A       100%        5
 Lehudib's Crystal Spear  Conj/Erth      0%         10d2      100%        8


Dungeon Overview and Level Annotations

Branches:
Dungeon (3/15)

Altars:


Innate Abilities, Weirdness & Mutations

You are immune to sickness and miasma.
Your stone body is resilient. (AC +3)
You are immune to poison.
You resist negative energy. (rN+)
You are resistant to electric shocks. (rElec)
You are resistant to unholy torment.
You are immune to petrification.


Message History

Press ? for a list of commands and other information.
Found an escape hatch in the ceiling.
A rat comes into view.
The rat bites you but does no damage.
You closely miss the rat. You block the rat's attack.
You sock the rat!
You kill the rat!
You see here a rat corpse.
Key pressed, stopping explore.
No target in view!
You pick up a book of the Moon and begin reading...
You add the spells Passage of Golubria, Silence and Lehudib's Crystal Spear to your library.
No target in view! 2 orcs, an orc priest and an orc wizard come into view.
The orc priest is wielding a +1 hand axe of holy wrath.
The orc shouts! x2; The orc priest shouts!
The orc priest calls down the wrath of Beogh upon you.
Beogh smites you!
The orc priest calls down the wrath of Beogh upon you.
Beogh smites you!
Ouch! That really hurt!
* * * LOW HITPOINT WARNING * * *
There are monsters nearby!
You are too injured to fight recklessly!
There are monsters nearby!
You are too injured to fight recklessly!
There are monsters nearby!
You are too injured to fight recklessly!
You hit the orc.
The orc is severely wounded.
The orc hits you but does no damage.
You closely miss the orc.
The orc is severely wounded.
You closely miss the orc.
The orc wizard gestures wildly while chanting.
The orc wizard flickers and vanishes!
Deactivating autopickup; reactivate with Ctrl-A.
The orc priest calls down the wrath of Beogh upon you.
Beogh smites you!
You die...

#....######
####...........
#......########
#.....##......#
####..##.####.#
####..##.# #.#
#.†...##.# #.#
#.##.###.#
#.#####.#.
#........#
#.@oo{o...
####.###.#
#####..... #.#
### .## ...
#####


You could see an orc priest and 2 orcs.

Vanquished Creatures
  4 adders
  A worm (D:2)
  4 bats
  10 endoplasms
  A giant cockroach (D:2)
  4 goblins
  A hobgoblin (D:1)
  2 jackals (D:2)
  4 quokkas
  A ball python (D:2)
  2 frilled lizards (D:2)
  4 kobolds
  8 rats
46 creatures vanquished.

Notes
Turn   | Place    | Note
-------+----------+-------------------------------------------
     0 | D:1      | qeuew the Gargoyle Fighter began the quest for the Orb.
     0 | D:1      | Reached XP level 1. HP: 14/14 MP: 1/1
   144 | D:1      | Reached XP level 2. HP: 16/19 MP: 2/2
  1017 | D:2      | Reached XP level 3. HP: 22/24 MP: 3/3
  1049 | D:2      | Found a faded altar of an unknown god.
  1603 | D:2      | Reached XP level 4. HP: 26/29 MP: 4/4
  1875 | D:3      | Reached skill level 4 in Fighting
  2044 | D:3      | Killed from afar by an orc priest

Illustrated notes

Levels and vault maps discovered:
D:1:      enne_arrival_octagon_isle, layout_basic,
          amcnicky_mini_corridor_feature, hangedman_decor_clover_reticule,
          kennysheep_minor_cross, minmay_ruptured
D:2:      layout_basic, chequers_ecumenical_altar_simple_redux
D:3:      layout_basic, grunt_ministairs_1, uniq_crazy_yiuf_cottage,
          uniq_jessica

Skill      XL: |  1  2  3  4 |
---------------+-------------+-----
Fighting       | 4 |  4.0
Maces & Flails | |  2.8
Armour         | |  3.9
Dodging        | |  0.7
Shields        | |  3.9

Action                   |  1- 3 |  4- 6 || total
-------------------------+-------+-------++-------
Melee: Flail             |   103 |    30 ||   133
  Use: Scroll            |     6 |     2 ||     8
       Potion            |       |     1 ||     1
Armor: Scale mail        |    62 |    12 ||    74
Dodge: Dodged            |    55 |    11 ||    66
Block: Buckler           |    13 |     6 ||    19
